 Dungeon Crawl Stone Soup version 0.21-a0-260-g9b2435e (webtiles) character file.

116 sveltemanboy the Chopper (level 4, 0/35 HPs)
             Began as a Demonspawn Monk on Sept 7, 2017.
             Slain by a worm (2 damage)
             ... on level 4 of the Dungeon.
             The game lasted 00:06:38 (2933 turns).

sveltemanboy the Chopper (Demonspawn Monk)          Turns: 2933, Time: 00:06:38

Health: 0/35       AC:  4    Str: 17    XL:     4   Next: 70%
Magic:  4/4        EV: 13    Int: 12    God:
Gold:   215        SH:  0    Dex: 17    Spells: 3/3 levels left

rFire    . . .     SeeInvis .   r - +0 dagger (speed)
rCold    . . .     Gourm    .   (no shield)
rNeg     . . .     Faith    .   w - +0 leather armour
rPois    .         Spirit   .   (no helmet)
rElec    .         Reflect  .   (no cloak)
rCorr    .         Harm     .   b - +0 pair of gloves
MR       .....                  (no boots)
Stlth    ++........             t - amulet of regeneration
HPRegen  0.51/turn              v - ring of stealth
MPRegen  0.09/turn              (no ring)

@: mighty, lethally poisoned (0 -> 0), very slow
A: thin skeletal structure 1, nightstalker 1
a: no special abilities


You were on level 4 of the Dungeon.
You were very hungry.

You visited 1 branch of the dungeon, and saw 4 of its levels.

You collected 215 gold pieces.

Inventory:

Hand Weapons
 r - a +0 dagger of speed (weapon)
Armour
 b - a +0 pair of gloves (worn)
 w - a +0 leather armour (worn)
Jewellery
 t - an amulet of regeneration (around neck)
 v - a ring of stealth (left hand)
Scrolls
 d - a scroll of amnesia {unknown}
 e - a scroll of recharging {unknown}
 i - a scroll of remove curse {unknown}
 j - 5 scrolls of identify {unknown}
 k - 2 scrolls of fear {unknown}
 n - 2 scrolls of teleportation {unknown}
 u - a scroll of immolation {unknown}
Potions
 a - 2 potions of curing
 h - 2 potions of heal wounds
 l - a potion of might
 q - 2 potions of degeneration {unknown}
Comestibles
 c - 5 bread rations
 f - a meat ration
 m - a royal jelly


   Skills:
 - Level 3.0 Fighting
 * Level 1.5 Short Blades
   Level 3.9 Axes
 - Level 1.7 Armour
 - Level 2.6 Dodging
 + Level 2.2 Stealth


You had 3 spell levels left.
You didn't know any spells.

Dungeon Overview and Level Annotations

Branches:
Dungeon (4/15)
 Temple: D:4-7

Altars:
Vehumet


Innate Abilities, Weirdness & Mutations

You have a somewhat thin skeletal structure. (Dex +2, Stealth)
You are slightly more attuned to the shadows.


Message History

The worm is moderately wounded.
You feel sick. The worm bites you.
* * * LOW HITPOINT WARNING * * *
The adder closely misses you.
You barely miss the worm.
The worm is moderately wounded.
You puncture the worm!
The worm is heavily wounded.
The adder barely misses you. The worm completely misses you.
You barely miss the worm.
The worm is heavily wounded.
* * * LOW HITPOINT WARNING * * *
You feel sick. The adder closely misses you.
Unknown command.
You hit the worm but do no damage.
The worm is heavily wounded.
The adder closely misses you.
Your unstable footing causes you to fumble your attack.
The worm bites you.
You die...

##########.##..)..#
#####.........##
###.#
....#....########
###.#....#≈≈≈#≈≈
........≈#≈#≈#r# ##
##......≈#≈#≈#r#≈≈≈≈
##.....≈≈≈≈#≈≈r≈≈#
##......≈#≈#r########
........≈≈≈#≈rrS@w≈≈#
######...#≈#######≈##
# #..≈≈≈# # # #...≈≈#
# ###.#.# #.#.. ##...


You could see a worm, an adder, a river rat and 2 rats.

Vanquished Creatures
  7 adders
  2 river rats (D:4)
  A worm (D:4)
  A leopard gecko (D:3)
  An orc (D:3)
  A ball python (D:2)
  5 bats
  2 giant cockroaches (D:1)
  3 goblins
  7 hobgoblins
  A frilled lizard (D:1)
  4 kobolds
  A rat (D:4)
36 creatures vanquished.

Notes
Turn   | Place    | Note
-------+----------+-------------------------------------------
     0 | D:1      | sveltemanboy the Demonspawn Monk began the quest for the Orb.
     0 | D:1      | Reached XP level 1. HP: 18/18 MP: 1/1
   281 | D:1      | Reached skill level 1 in Armour
   376 | D:1      | Gained mutation: You have a somewhat thin skeletal structure. (Dex +2, Stealth) [demonic ancestry]
   376 | D:1      | Reached XP level 2. HP: 22/24 MP: 2/2
  1335 | D:2      | Reached XP level 3. HP: 29/29 MP: 3/3
  1899 | D:3      | Found a radiant altar of Vehumet.
  2793 | D:4      | Gained mutation: You are slightly more attuned to the shadows. [demonic ancestry]
  2793 | D:4      | Reached XP level 4. HP: 19/35 MP: 4/4
  2859 | D:4      | Reached skill level 1 in Short Blades
  2928 | D:4      | HP: 1/35 [worm (5)]
  2933 | D:4      | Slain by a worm

Vault maps used:
D:1:      evilmike_arrival_home_sweet_home
D:3:      old_standard_altar, minmay_statues_item
D:4:      kennysheep_mini, gammafunk_temple_overflow_claw,
          lightli_sewer_entry_pipes, uniq_crazy_yiuf_cottage

Skill      XL: |  1  2  3  4 |
---------------+-------------+-----
Armour         | 1 |  1.7
Axes           | 3 |  3.9
Short Blades   | 1 |  1.5
Stealth        | 2 |  2.2
Fighting       | |  3.0
Dodging        | |  2.6

Action                   |  1- 3 |  4- 6 || total
-------------------------+-------+-------++-------
Melee: Hand axe          |   120 |       ||   120
       Dagger            |     7 |    90 ||    97
  Use: Potion            |     5 |     4 ||     9
 Stab: Sleeping          |     1 |     1 ||     2
  Eat: Chunk             |     5 |       ||     5
Armor: Robe              |    14 |       ||    14
       Ring mail         |    20 |       ||    20
       Leather armour    |     4 |    11 ||    15
       Skin              |    21 |    15 ||    36
Dodge: Dodged            |    78 |    30 ||   108

Table legend:
 A = Spawn XP
 B = Non-spawn XP
 C = Spawn XP percentage of total XP
 D = Spawn monster count
 E = Non-spawn monster count
 F = Spawn count percentage of total count
 G = Total turns spent on level
                    A         B        C        D         E        F      G
               +---------+---------+-------+---------+---------+-------+---------
         Total |       0 |     167 |   0.0 |       0 |      36 |   0.0 |  2933
               +---------+---------+-------+---------+---------+-------+---------
           D:1 |       0 |      19 |   0.0 |       0 |      12 |   0.0 |   912
           D:2 |       0 |      25 |   0.0 |       0 |       8 |   0.0 |   681
           D:3 |       0 |      52 |   0.0 |       0 |       9 |   0.0 |  1088
           D:4 |       0 |      71 |   0.0 |       0 |       7 |   0.0 |   252
               +---------+---------+-------+---------+---------+-------+---------
